 Dungeon Crawl Stone Soup version 0.30-b1-2-g02819fbbbe (webtiles) character file.

Game seed: 1248798291812067583

16779 magipi the Frost Mage (level 12, -6/92 HPs)
             Began as a Gnoll Ice Elementalist on May 14, 2023.
             Was an Initiate of Gozag.
             Mangled by a red ugly thing (13 damage)
             ... on level 12 of the Dungeon.
             The game lasted 00:54:07 (13204 turns).

magipi the Frost Mage (Gnoll Ice Elementalist)     Turns: 13204, Time: 00:54:08

Health: -6/92      AC:  8    Str:  8    XL:     12   Next: 41%
Magic:  20/25      EV: 15    Int: 26    God:    Gozag
Gold:   2068       SH:  0    Dex: 12    Spells: 10/29 levels left

rFire   . . .        a - +4 dagger (pain)
rCold   . . .        (no shield)
rNeg    . . .        C - +0 robe
rPois   .            A - +1 helmet
rElec   .            m - scarf {+Inv}
rCorr   .            I - +1 pair of gloves
SInv    +            z - +0 pair of boots
Will    .....        (no amulet)
Stlth   ++++         P - +6 ring of intelligence
HPRegen 0.35/turn    i - ring of see invisible
MPRegen 0.19/turn

%: no passive effects
@: no status effects
A: fangs 1, strong nose, distributed training
a: Renounce Religion, Evoke Invisibility, Potion Petition, Call Merchant, Bribe
Branch


You were on level 12 of the Dungeon.
You worshipped Gozag.
Gozag was most pleased with you.
You visited 1 branch of the dungeon, and saw 12 of its levels.
You also visited: Sewer and Bailey.

You collected 2525 gold pieces.
You spent 418 gold pieces at shops.
You paid 39 gold pieces to Gozag.

Inventory:

Hand Weapons
 a - a +4 dagger of pain (weapon)
   (You took it off an orc on level 9 of the Dungeon)
 b - a +2 halberd of electrocution
   (You took it off a gnoll in a bailey)
Missiles
 k - 2 javelins
 u - 3 boomerangs
 w - 5 silver javelins
 F - 5 throwing nets
 J - 15 poisoned darts (quivered)
 R - 2 silver boomerangs
Armour
 m - a scarf of invisibility (worn)
   (You found it on level 3 of the Dungeon)
 s - the +1 ring mail of Disguise {rC+ Slay+5}
   (You found it on level 2 of the Dungeon)

   Slay:      It affects your accuracy & damage with ranged weapons and melee
   (+5).
   rC:        It protects you from cold.
 z - a +0 pair of boots (worn)
   (You found it on level 5 of the Dungeon)
 A - a +1 helmet (worn)
   (You bought it in a shop on level 4 of the Dungeon)
 C - a +0 robe (worn)
   (You took it off an orc wizard on level 6 of the Dungeon)
 I - a +1 pair of gloves (worn)
   (You found it on level 7 of the Dungeon)
Jewellery
 i - a ring of see invisible (right hand)
   (You found it on level 8 of the Dungeon)
 o - a ring of resist corrosion
   (You found it on level 1 of the Dungeon)
 P - a +6 ring of intelligence (left hand)
   (You found it on level 10 of the Dungeon)
Wands
 r - a wand of digging (7)
   (You took it off a centaur on level 7 of the Dungeon)
 y - a wand of iceblast (6)
   (You found it on level 5 of the Dungeon)
 M - a wand of charming (11)
   (You found it on level 8 of the Dungeon)
 S - a wand of light (6)
   (You found it on level 9 of the Dungeon)
Scrolls
 c - 3 scrolls of enchant armour
 e - 5 scrolls of noise
 f - 3 scrolls of vulnerability
 h - 2 scrolls of amnesia
 j - 3 scrolls of identify
 n - a scroll of torment
 p - 2 scrolls of poison
 v - 6 scrolls of fog
 x - 3 scrolls of fear
 E - a scroll of teleportation
 G - a scroll of butterflies
 K - 2 scrolls of enchant weapon
 L - a scroll of brand weapon
 Q - 3 scrolls of immolation
Potions
 d - 2 potions of brilliance
 g - a potion of attraction
 l - a potion of might
 q - 2 potions of flight
 t - 6 potions of cancellation
 B - a potion of mutation
 D - 7 potions of haste
 H - 2 potions of invisibility
 N - 7 potions of magic
 O - 3 potions of curing


   Skills:
 + Level 7.7 Fighting
 + Level 7.7 Short Blades
 + Level 7.7 Long Blades
 + Level 7.7 Axes
 + Level 7.7 Maces & Flails
 + Level 7.7 Polearms
 + Level 7.7 Staves
 + Level 7.7 Ranged Weapons
 + Level 7.7 Throwing
 + Level 7.7 Armour
 + Level 9.1 Dodging
 + Level 8.9 Stealth
 + Level 7.7 Shields
 + Level 7.7 Unarmed Combat
 + Level 9.3 Spellcasting
 + Level 6.4 Conjurations
 + Level 6.4 Hexes
 + Level 6.4 Summonings
 + Level 6.4 Necromancy
 + Level 6.4 Translocations
 + Level 6.4 Transmutations
 + Level 6.4 Fire Magic
 + Level 9.7 Ice Magic
 + Level 6.4 Air Magic
 + Level 6.4 Earth Magic
 + Level 6.4 Poison Magic
 + Level 8.5 Invocations
 + Level 7.7 Evocations


You had 10 spell levels left.
You knew the following spells:

 Your Spells              Type           Power      Damage    Failure   Level
a - Freeze                Ice            100%       1d10      1%          1
b - Frozen Ramparts       Ice            100%       1d16      1%          3
o - Ozocubu's Armour      Ice            58%        N/A       1%          3
p - Poisonous Vapours     Pois/Air       90%        N/A       1%          2
s - Summon Ice Beast      Ice/Summ       52%        N/A       1%          4
w - Passwall              Tmut/Erth      37%        N/A       1%          2
P - Olgreb's Toxic Radia  Pois           45%        N/A       3%          4

Your spell library contained the following spells:

 Spells                   Type           Power      Damage    Failure   Level
 Necrotise                Necr           100%       1d9       1%          1
 Sting                    Tmut/Pois      100%       1d8       1%          1
 Ensorcelled Hibernation  Hex/Ice        100%       N/A       1%          2
 Lesser Beckoning         Tloc           90%        N/A       1%          2
 Gell's Gravitas          Tloc           45%        N/A       1%          3
 Swiftness                Air            45%        N/A       1%          3
 Teleport Other           Tloc           45%        N/A       1%          3
 Vampiric Draining        Necr           45%        2d9       1%          3
 Agony                    Necr           45%        N/A       10%         5


Dungeon Overview and Level Annotations

Branches:
Dungeon (12/15)            Temple (0/1) D:7            Lair (0/5) D:10
    Orc (0/2) D:9           Sewer (visited)          Bailey (visited)

Altars:
Dithmenos
Elyvilon
Fedhas
Gozag
Kikubaaqudgha
Makhleb
Nemelex Xobeh
Ru
Trog
Yredelemnul

Shops:
D:4 *

Portals:
Ice
Cave: D:12

Annotations:
D:6 3 runed translucent doors, Flugkiller's ghost, novice GrFi
D:9 exclusion: two-headed ogre
D:12 Urug


Innate Abilities, Weirdness & Mutations

You have very sharp teeth.
Your uncanny sense of smell can sniff out nearby items.
Your experience applies equally to all skills.


Message History

You can't go down here!
There is a stone staircase leading down here.
You climb downwards.
You feel a wave of frost pass over you.
There is an entrance to an ice cave on this level.
Hurry and find it before the portal melts!
Level annotation: Urug You hear the faint crackling of a distant melting archway.
Found a great sword.
There is a stone staircase leading up here.
The helpless red ugly thing fails to defend itself.
You skewer the red ugly thing like a kebab!!!
The red ugly thing writhes in agony.
The red ugly thing is almost dead.
Casting: Ozocubu's Armour (safe; 1% risk of failure)
Confirm with . or Enter, or press ? or * to list all spells.
Aiming: Freeze (safe; 1% risk of failure)
Press: ? - help, Shift-Dir - straight line, f - red ugly thing
Aim: a red ugly thing (almost dead)
You freeze the red ugly thing.
The red ugly thing is almost dead.
The red ugly thing engulfs you!
You are engulfed in flames!!
Unknown command.
Casting: Freeze (safe; 1% risk of failure)
Confirm with . or Enter, or press ? or * to list all spells.
A chill wind blows around you. The red ugly thing engulfs you.
You are engulfed in flames!!
Unknown command.
Unknown command.
You closely miss the red ugly thing.
The red ugly thing is almost dead.
The red ugly thing engulfs you.
You are engulfed in flames!!
* * * LOW HITPOINT WARNING * * *
Unknown command.
Unknown command.
The red ugly thing attacks as you move away!
The red ugly thing engulfs you!
* * * LOW HITPOINT WARNING * * *
You are engulfed in flames!
You die...
Your body crumbles into a pile of gold.

######+###
#........#
#........#
#........#
#<....Y..#
#...)....#
#...@....#
#....u...#
#........#
+........#
#........#
#........#
##########


You could see a red ugly thing (ally target) and a friendly ice beast
(summoned).

Vanquished Creatures
  A two-headed ogre (D:11)
  Pikel (D:6)
  An ugly thing (D:11)
  An orc knight (Bailey)
  A manticore (D:11)
  2 unseen horrors (D:11)
  4 trolls
  Prince Ribbit (D:6)
  A wraith (D:10)
  2 shadows (D:10)
  A wyvern (D:8)
  6 yaks
  A steam dragon (D:10)
  3 vampire mosquitoes (D:11)
  2 wargs (D:10)
  An acid dragon (D:9)
  4 water moccasins
  2 sky beasts
  5 black bears
  10 orc warriors
  4 ogres
  10 centaurs
  3 lemures (D:6)
  A phantom (D:5)
  2 kobold brigands
  7 bullfrogs
  A gnoll sergeant (D:10)
  6 scorpions
  2 wights (D:7)
  6 killer bees
  2 electric eels (D:9)
  2 jellies
  10 orc priests
  6 gnoll boudas
  3 hounds
  A sleepcap (D:5)
  3 iguanas
  15 orc wizards
  36 gnolls
  3 river rats
  8 adders
  A shadow imp (D:7)
  2 white imps
  2 worms (D:3)
  4 dart slugs
  43 orcs
  6 endoplasms
  2 giant cockroaches
  8 goblins
  6 hobgoblins
  9 kobolds
  5 quokkas
  12 ball pythons
  4 bats
  9 frilled lizards
  13 rats
307 creatures vanquished.

Vanquished Creatures (collateral kills)
  A two-headed ogre (D:10)
  A troll (D:11)
  An acid dragon (D:11)
  An orc warrior (D:10)
  2 orc priests (D:10)
  An orc wizard (D:10)
  An orc (D:10)
8 creatures vanquished.

Grand Total: 315 creatures vanquished

Notes
Turn   | Place    | Note
-------+----------+-------------------------------------------
     0 | D:1      | magipi the Gnoll Ice Elementalist began the quest for the
                  | Orb.
     0 | D:1      | Reached XP level 1. HP: 13/13 MP: 6/6
   133 | D:1      | Reached XP level 2. HP: 14/19 MP: 4/7
   763 | D:2      | Reached skill level 5 in Spellcasting
   763 | D:2      | Reached XP level 3. HP: 25/25 MP: 6/9
   767 | D:2      | Learned a level 3 spell: Frozen Ramparts
   771 | D:2      | Learned a level 3 spell: Ozocubu's Armour
  1072 | D:2      | Reached skill level 1 in Invocations
  1156 | D:2      | Reached skill level 1 in Fighting
  1156 | D:2      | Reached skill level 1 in Short Blades
  1156 | D:2      | Reached skill level 1 in Long Blades
  1156 | D:2      | Reached skill level 1 in Axes
  1156 | D:2      | Reached skill level 1 in Maces & Flails
  1156 | D:2      | Reached skill level 1 in Polearms
  1156 | D:2      | Reached skill level 1 in Staves
  1156 | D:2      | Reached skill level 1 in Ranged Weapons
  1156 | D:2      | Reached skill level 1 in Throwing
  1156 | D:2      | Reached skill level 1 in Armour
  1156 | D:2      | Reached skill level 1 in Shields
  1156 | D:2      | Reached skill level 1 in Unarmed Combat
  1156 | D:2      | Reached skill level 1 in Evocations
  1300 | D:2      | Found a shadowy altar of Dithmenos.
  1337 | D:2      | Identified the +1 ring mail of Disguise {rC+ Slay+5}
  1399 | D:2      | Reached XP level 4. HP: 31/32 MP: 7/11
  1750 | D:3      | Found a glowing drain.
  1781 | D:3      | Reached skill level 1 in Conjurations
  1781 | D:3      | Reached skill level 1 in Hexes
  1781 | D:3      | Reached skill level 1 in Summonings
  1781 | D:3      | Reached skill level 1 in Necromancy
  1781 | D:3      | Reached skill level 1 in Translocations
  1781 | D:3      | Reached skill level 1 in Transmutations
  1781 | D:3      | Reached skill level 1 in Fire Magic
  1781 | D:3      | Reached skill level 1 in Air Magic
  1781 | D:3      | Reached skill level 1 in Earth Magic
  1781 | D:3      | Reached skill level 1 in Poison Magic
  1796 | Sewer    | Entered a sewer
  1942 | Sewer    | Reached XP level 5. HP: 22/37 MP: 8/12
  2543 | D:3      | Found an opulent altar of Gozag.
  2548 | D:3      | Found a white marble altar of Elyvilon.
  2559 | D:3      | Became a worshipper of Gozag Ym Sagoz the Greedy
  2562 | D:3      | Found a shadowy altar of Dithmenos.
  2562 | D:3      | Found an ancient bone altar of Kikubaaqudgha.
  2570 | D:3      | Found a blossoming altar of Fedhas.
  3157 | D:4      | Found Lor Goos's Assorted Antiques.
  3167 | D:4      | Reached XP level 6. HP: 44/44 MP: 9/13
  3447 | D:4      | Reached skill level 5 in Dodging
  3790 | D:5      | Entered Level 5 of the Dungeon
  3910 | D:5      | Reached XP level 7. HP: 44/51 MP: 11/15
  3997 | D:5      | Reached skill level 5 in Stealth
  4172 | D:5      | Reached XP level 8. HP: 57/58 MP: 12/16
  4606 | D:4      | Bought a shiny helmet for 232 gold pieces
  4606 | D:4      | Bought a scroll labelled CULIOT LOACZE for 31 gold pieces
  4606 | D:4      | Bought a scroll labelled IVIVIO MAMEIFUYW for 31 gold
                  | pieces
  4606 | D:4      | Bought a sharpened bone wand for 124 gold pieces
  4799 | D:6      | Found a runed translucent gate.
  4803 | D:6      | Found a runed translucent gate.
  4804 | D:6      | Found a runed translucent gate.
  4807 | D:6      | Noticed Flugkiller's ghost (novice GrFi)
  4807 | D:6      | Identified the +7 plate armour of Hangman {Rampage +Inv
                  | Dex-2}
  5141 | D:6      | Noticed Pikel
  5155 | D:6      | Reached XP level 9. HP: 64/65 MP: 14/18
  5167 | D:6      | Killed Pikel
  5436 | D:6      | Noticed Prince Ribbit
  5442 | D:6      | Killed Prince Ribbit
  5734 | D:6      | Reached skill level 5 in Invocations
  6056 | D:7      | Found a burning altar of Makhleb.
  6319 | D:7      | Found a flagged portal.
  6331 | Bailey   | Entered a bailey
  6648 | Bailey   | Noticed an orc knight
  6782 | Bailey   | Killed an orc knight
  6783 | Bailey   | Reached skill level 5 in Fighting
  6783 | Bailey   | Reached skill level 5 in Short Blades
  6783 | Bailey   | Reached skill level 5 in Long Blades
  6783 | Bailey   | Reached skill level 5 in Axes
  6783 | Bailey   | Reached skill level 5 in Maces & Flails
  6783 | Bailey   | Reached skill level 5 in Polearms
  6783 | Bailey   | Reached skill level 5 in Staves
  6783 | Bailey   | Reached skill level 5 in Ranged Weapons
  6783 | Bailey   | Reached skill level 5 in Throwing
  6783 | Bailey   | Reached skill level 5 in Armour
  6783 | Bailey   | Reached skill level 5 in Shields
  6783 | Bailey   | Reached skill level 5 in Unarmed Combat
  6783 | Bailey   | Reached skill level 5 in Evocations
  6783 | Bailey   | Reached XP level 10. HP: 6/74 MP: 16/20
  7113 | D:7      | Reached skill level 5 in Conjurations
  7113 | D:7      | Reached skill level 5 in Hexes
  7113 | D:7      | Reached skill level 5 in Summonings
  7113 | D:7      | Reached skill level 5 in Necromancy
  7113 | D:7      | Reached skill level 5 in Translocations
  7113 | D:7      | Reached skill level 5 in Transmutations
  7113 | D:7      | Reached skill level 5 in Fire Magic
  7113 | D:7      | Reached skill level 5 in Air Magic
  7113 | D:7      | Reached skill level 5 in Earth Magic
  7113 | D:7      | Reached skill level 5 in Poison Magic
  7113 | D:7      | Reached XP level 11. HP: 83/83 MP: 20/23
  7191 | D:7      | Found a basalt altar of Yredelemnul.
  8059 | D:7      | Found a staircase to the Ecumenical Temple.
  9348 | D:9      | Found a bloodstained altar of Trog.
  9979 | D:9      | Learned a level 2 spell: Poisonous Vapours
  9984 | D:9      | Learned a level 4 spell: Summon Ice Beast
  9989 | D:9      | Learned a level 4 spell: Olgreb's Toxic Radiance
 10305 | D:9      | Noticed a two-headed ogre
 10598 | D:9      | Found a staircase to the Orcish Mines.
 10696 | D:10     | Entered Level 10 of the Dungeon
 11001 | D:10     | Found a sacrificial altar of Ru.
 11004 | D:10     | Noticed a two-headed ogre
 11037 | D:10     | Killed a two-headed ogre
 11044 | D:10     | Found a sparkling altar of Nemelex Xobeh.
 11373 | D:10     | Found a staircase to the Lair.
 11514 | D:10     | Reached XP level 12. HP: 83/91 MP: 22/25
 12112 | D:11     | Noticed a two-headed ogre
 12130 | D:11     | Killed a two-headed ogre
 12666 | D:11     | Learned a level 2 spell: Passwall
 13144 | D:12     | Noticed a two-headed ogre
 13144 | D:12     | Found a frozen archway.
 13145 | D:12     | Noticed Urug
 13204 | D:12     | Mangled by a red ugly thing

Illustrated notes

Levels and vault maps discovered:
D:1:      sevenhm_arrival_forest_fort_large_4, layout_basic,
          minmay_tree_intersection
D:2:      layout_basic, basic_altar, guppyfry_early_orc_mine
D:3:      layout_loops_corners, nicolae_overflow_hallway_of_the_gods,
          cheibrodos_sewer_entry_sluice, hangedman_decor_lopped
D:4:      layout_basic, serial_shops, kennysheep_mini
D:5:      layout_basic, grunt_ministairs_4
D:6:      layout_basic, nicolae_overflow_hidden_temple,
          biasface_ghost_orc_armoury, kennysheep_potato, uniq_pikel,
          uniq_prince_ribbit1
D:7:      minmay_razor_zed, layout_basic, mainiacjoe_overflow_boulevard,
          old_standard_altar, minmay_temple_entry_overgrown, enter_bailey_2
D:8:      layout_layer_cave
D:9:      layout_irregular_city, trog_ov_bears_minmay, erik_orc_2
D:10:     layout_basic, grunt_temple_overflow_open, erik_lair_orcish_takeover
D:11:     layout_cave_pools, grunt_ministairs_7
D:12:     layout_roguey, portal_ice_cave_entry_imps, minmay_radiant, uniq_urug

Skill      XL: |  1  2  3  4  5  6  7  8  9 10 11 12 |
---------------+-------------------------------------+-----
Spellcasting   | 5 6 7 8 9 |  9.3
Invocations    | 1 2 3 4 5 7 8 |  8.5
Fighting       | 1 2 3 5 6 7 |  7.7
Short Blades   | 1 2 3 5 6 7 |  7.7
Long Blades    | 1 2 3 5 6 7 |  7.7
Axes           | 1 2 3 5 6 7 |  7.7
Maces & Flails | 1 2 3 5 6 7 |  7.7
Polearms       | 1 2 3 5 6 7 |  7.7
Staves         | 1 2 3 5 6 7 |  7.7
Ranged Weapons | 1 2 3 5 6 7 |  7.7
Throwing       | 1 2 3 5 6 7 |  7.7
Armour         | 1 2 3 5 6 7 |  7.7
Shields        | 1 2 3 5 6 7 |  7.7
Unarmed Combat | 1 2 3 5 6 7 |  7.7
Evocations     | 1 2 3 5 6 7 |  7.7
Conjurations   | 1 2 3 4 5 6 |  6.4
Hexes          | 1 2 3 4 5 6 |  6.4
Summonings     | 1 2 3 4 5 6 |  6.4
Necromancy     | 1 2 3 4 5 6 |  6.4
Translocations | 1 2 3 4 5 6 |  6.4
Transmutations | 1 2 3 4 5 6 |  6.4
Fire Magic     | 1 2 3 4 5 6 |  6.4
Air Magic      | 1 2 3 4 5 6 |  6.4
Earth Magic    | 1 2 3 4 5 6 |  6.4
Poison Magic   | 1 2 3 4 5 6 |  6.4
Dodging        | 5 6 8 9 |  9.1
Stealth        | 5 6 7 8 |  8.9
Ice Magic      | 8 9 |  9.7

Action                     |  1- 3 |  4- 6 |  7- 9 | 10-12 || total
---------------------------+-------+-------+-------+-------++-------
  Melee: Short sword       |    18 |     1 |       |       ||    19
         Unarmed           |     1 |       |       |       ||     1
         Dagger            |       |    89 |   115 |   243 ||   447
         Bite              |       |     6 |    12 |    41 ||    59
         Punch             |       |     2 |     4 |    14 ||    20
         Halberd           |       |       |       |    46 ||    46
  Throw: Boomerang         |       |     2 |    18 |    15 ||    35
         Dart              |       |       |       |    12 ||    12
   Cast: Freeze            |    35 |     2 |     9 |    15 ||    61
         Frozen Ramparts   |     2 |    16 |    31 |    50 ||    99
         Ozocubu's Armour  |       |     1 |     7 |    23 ||    31
         Poisonous Vapours |       |       |       |    16 ||    16
         Summon Ice Beast  |       |       |       |    14 ||    14
  Evoke: Wand              |       |       |     4 |       ||     4
    Use: Potion            |       |       |     7 |     1 ||     8
         Scroll            |       |       |       |    17 ||    17
   Stab: Sleeping          |    10 |    15 |    10 |     6 ||    41
         Distracted        |       |     1 |       |     1 ||     2
 Armour: Robe              |     4 |     8 |    14 |    98 ||   124
         Ring mail         |       |     6 |    15 |       ||    21
         Skin              |       |       |     5 |       ||     5
  Dodge: Dodged            |    23 |    37 |    84 |   257 ||   401

Action                     |  1- 3 |  4- 6 |  7- 9 | 10-12 || total
---------------------------+-------+-------+-------+-------++-------
  Melee: Short sword       |    18 |     1 |       |       ||    19
         Unarmed           |     1 |       |       |       ||     1
         Dagger            |       |    89 |   115 |   243 ||   447
         Bite              |       |     6 |    12 |    41 ||    59
         Punch             |       |     2 |     4 |    14 ||    20
         Halberd           |       |       |       |    46 ||    46
  Throw: Boomerang         |       |     2 |    18 |    15 ||    35
         Dart              |       |       |       |    12 ||    12
   Cast: Freeze            |    35 |     2 |     9 |    15 ||    61
         Frozen Ramparts   |     2 |    16 |    31 |    50 ||    99
         Ozocubu's Armour  |       |     1 |     7 |    23 ||    31
         Poisonous Vapours |       |       |       |    16 ||    16
         Summon Ice Beast  |       |       |       |    14 ||    14
  Evoke: Wand              |       |       |     4 |       ||     4
    Use: Potion            |       |       |     7 |     1 ||     8
         Scroll            |       |       |       |    17 ||    17
   Stab: Sleeping          |    10 |    15 |    10 |     6 ||    41
         Distracted        |       |     1 |       |     1 ||     2
 Armour: Robe              |     4 |     8 |    14 |    98 ||   124
         Ring mail         |       |     6 |    15 |       ||    21
         Skin              |       |       |     5 |       ||     5
  Dodge: Dodged            |    23 |    37 |    84 |   257 ||   401
